Unix NetHack Version 5.0.0-0 post-release - last build Jun 10 2026 00:39:30 (3ee93aec679c4c4259841fe613dc97188e26a321,branch:main).

Game began 2026-06-11 17:10:54, ended 2026-06-11 17:19:38.

ArrBianca, neutral female human Healer

                      ---
                     --.--         ----
      ----------------...-------  --.(--
      |..........*.............----.<..|
    ---...------------..------..--+[).--    -----
  ---.....|----..--.....|    --.......-------.|.--
  |...------...........--     ----*..^).).--.....------
  |...|   |............|         |.*.....@q.r.....r...|
  ---.|   |............|         --......--.......---
    |.-----........*..-- ----     --...--|......| .|
   --.................| --..|      |..-- |.....--  -
  --..................--|...----   ----  --....--
  |....................--*.....|          |.....|   --     -- --
  |............................--         ---...----.---  .......0     .....-
  ---..--.......................|           --....*..................*......|
    ----|...........---.........|            |........................|     |
        |.........>-- |.........|            -.....| --  .....-- -- ---
        |.........--  |........-|       %........---        ---
        |.....--..|   ---..--...|       -........|
        -----------     ------*--       --.--.|..|
                             ---         -- ------
ArrBianca the Empiric        St:9 Dx:10 Co:16 In:9 Wi:15 Ch:17  Neutral
Dlvl:4  $:1751 HP:0(27) Pw:1(15) AC:4  Xp:3 T:1388 

Latest messages:
 The rothe hits!
 The rothe bites!
 The rothe bites again!
 What do you want to drink? [detvD or ?*]
 You feel better.
 You miss the rothe.
 The rothe hits!
 The rothe misses!
 The rothe misses!
 You miss the rothe.
 The rothe hits!
 The rothe bites!
 The rothe misses!
 You miss the rothe.
 You hit the rothe.
 You miss the rothe.
 You hit the rothe.
 The rothe hits!
 The rothe bites!
 The rothe misses!
 You miss the rothe.
 The rothe hits!
 The rothe bites!
 The rothe misses!
 You miss the rothe.
 The rothe hits!
 The rothe misses!
 The rothe bites!
 What do you want to drink? [detvD or ?*]
 You feel better.
 The rothe hits!
 The rothe bites!
 The rothe bites again!
 You hit the rothe.
 What do you want to drink? [detvD or ?*]
 You feel better.
 You miss the rothe.
 The rothe hits!
 The rothe bites!
 The rothe bites again!
 You miss the rothe.
 The rothe hits!
 The rothe bites!
 The rothe bites again!
 You hit the rothe.
 The rothe hits!
 The rothe misses!
 The rothe bites!
 You die...
 Do you want your possessions identified? [ynq] (y)

Inventory:
 Coins    ('$')
  $ - 1751 gold pieces
 Weapons  (')')
  C - 6 +0 darts
  u - 11 cursed -2 darts
  a - a +0 scalpel (weapon in right hand)
 Comestibles  ('%')
  j - 5 uncursed apples
  s - 2 uncursed lichen corpses
 Wands    ('/')
  w - a wand of digging (0:2)
  f - a wand of sleep (0:3)
 Tools    ('(')
  I - an empty uncursed sack
  c - an uncursed stethoscope
 Scrolls  ('?')
  y - an uncursed scroll of confuse monster
  l - an uncursed scroll of enchant weapon
  p - an uncursed scroll of identify
  z - an uncursed scroll of teleportation
 Potions  ('!')
  e - 4 uncursed potions of extra healing
  d - an uncursed potion of healing
  t - an uncursed potion of polymorph
  v - an uncursed potion of see invisible
  D - an uncursed potion of water
 Armor    ('[')
  F - an uncursed +0 dwarvish iron helm (being worn)
  b - an uncursed +1 pair of leather gloves (being worn)
  B - a cursed -1 pair of high boots (being worn)
  G - an uncursed +0 dwarvish cloak (being worn)
  H - an uncursed +0 leather jacket (being worn)
 Spellbooks  ('+')
  x - an uncursed spellbook of confuse monster
  h - a blessed spellbook of extra healing
  i - a blessed spellbook of stone to flesh
 Gems/Stones  ('*')
  o - an uncursed worthless piece of orange glass

ArrBianca the Healer's attributes:

Background:
 You were an Empiric, a level 3 female human Healer.
 You were neutral, nominally on a mission for Hermes
 who was opposed by Athena (lawful) and Poseidon (chaotic).
 You were right-handed.
 You were in the Gnomish Mines, on level 4.
 You entered the dungeon 1388 turns ago.
 You had 44 experience points, 36 more were needed to attain level 4.

Basics:
 You had 0 out of 27 hit points.
 You had 1 out of 15 energy points (spell power).
 Your armor class was 4.
 Your wallet contained 1751 zorkmids.
 Autopickup was on for '$?!/="+%' plus thrown, with exceptions.

Final Characteristics:
 Your strength was 9 (limit:18/100).
 Your dexterity was 10 (limit:18).
 Your constitution was 16 (limit:18).
 Your intelligence was 9 (limit:18).
 Your wisdom was 15 (limit:18).
 Your charisma was 17 (limit:18).

Final Status:
 You weren't hungry.
 You were unencumbered.
 You were wielding a knife.
 You had basic skill with knife.

Final Attributes:
 You were devoutly aligned.
 Your items were somewhat protected from fire.
 Your items were somewhat protected from cold.
 You were poison resistant.
 You were warded.
 You are dead.

Miscellaneous:
 You encountered 1 bones level.
 Total elapsed playing time was 8 minutes and 44 seconds.

Major events:
 Turn
    1: ArrBianca the neutral female human Healer entered the dungeon
 1177: entered the Gnomish Mines
 1353: attained the rank of Empiric (level 3)
 1388: killed by a rothe

Spells:
 Name                 Level Category     Fail Retention
 healing                1   healing        0%  91%-100%
 extra healing          3   healing       17%  91%-100%
 stone to flesh         3   healing       36%  91%-100%
 clairvoyance           3   divination   100%  76%-100%
 magic missile          2   attack        89%  76%-100%
 confuse monster        1   enchantment   19%  76%-100%

Skills:
 Fighting Skills
   bare handed combat [Unskilled]
 Weapon Skills
   dagger             [Unskilled]
   knife              [Basic]
   short sword        [Unskilled]
   saber              [Unskilled]
   club               [Unskilled]
   mace               [Unskilled]
   quarterstaff       [Unskilled]
   polearms           [Unskilled]
   spear              [Unskilled]
   trident            [Unskilled]
   sling              [Unskilled]
   dart               [Unskilled]
   shuriken           [Unskilled]
   unicorn horn       [Unskilled]
 Spellcasting Skills
   healing spells     [Basic]

Voluntary challenges:
 Character rerolling was not enabled.
 You were an atheist.
 You never genocided any monsters.
 You never polymorphed an object.
 You never changed form.
 You used no wishes.
Achievements:
 You entered a shop.
 You entered the Gnomish Mines.
 You attained the rank of Empiric.

 The Dungeons of Doom: levels 1 to 3
    Level 1:
       A sink.
    Level 2:
    Level 3:
       A general store.
       Stairs down to The Gnomish Mines.
 The Gnomish Mines:
    Level 4: <- You were here.
       Final resting place for
          you, killed by a rothe,
          LDaviesPeters-Arc-Hum-Fem-Neu, killed by a rothe.


Vanquished creatures:
  a rothe
  a hobbit
  a gecko
  4 jackals
  3 foxes
  2 kobolds
  4 grid bugs
  3 lichens
  a kobold zombie
  4 newts
24 creatures vanquished.

No species were genocided or became extinct.

Game over:
                       ----------
                      /          \
                     /    REST    \
                    /      IN      \
                   /     PEACE      \
                  /                  \
                  |    ArrBianca     |
                  |     1751 Au      |
                  |   killed by a    |
                  |      rothe       |
                  |                  |
                  |                  |
                  |       2026       |
                 *|     *  *  *      | *
        _________)/\\_//(\/(/\)/\//\/|_)_______

Goodbye ArrBianca the Healer...

You died in The Gnomish Mines on dungeon level 4 with 346 points,
and 1751 pieces of gold, after 1388 moves.
You were level 3 with a maximum of 27 hit points when you died.

